 Dungeon Sprint DCSS version 0.22.1-2-g9c5b331383 (webtiles) character file.

21591 Groucho the Acrobat (level 12, -4/70 HPs)
             Began as a Spriggan Enchanter on Dec 11, 2018.
             Was the Champion of Dithmenos.
             Killed from afar by a purple draconian (40 damage)
             ... with a bolt of dispelling energy
             ... in the Dungeon (Sprint VII: "The Pits").
             The game lasted 00:23:36 (4907 turns).

Groucho the Acrobat (Spriggan Enchanter)            Turns: 4907, Time: 00:23:37

Health: -4/70      AC:  2    Str:  8    XL:     12   Next: 55%
Magic:  11/29      EV: 41    Int: 16    God:    Dithmenos [******]
Gold:   13         SH:  0    Dex: 21    Spells: 24/36 levels left

rFire    . . .     SeeInvis +   r - +2 rapier (elec)
rCold    . . .     Gourm    .   (shield restricted)
rNeg     . . .     Faith    .   b - +0 robe
rPois    .         Spirit   .   (helmet restricted)
rElec    .         Reflect  .   (no cloak)
rCorr    .         Harm     .   (gloves unavailable)
MR       ++...     NoTele   +   (boots unavailable)
Stlth    ++++++++++             (no amulet)
HPRegen  0.21/turn              o - +3 ring of evasion
MPRegen  0.21/turn              p - +3 ring of dexterity

@: wreathed by umbra, very quick
A: very small, unfitting armour, see invisible, herbivore, speed 3, slow
metabolism 2
a: Shadow Step, Shadow Form, Renounce Religion


You were in the Dungeon.
You worshipped Dithmenos.
Dithmenos was exalted by your worship.
You were not hungry.

You visited 1 branch You collected 13 gold pieces.

Inventory:

Hand Weapons
 a - a +2 dagger
 r - a +2 rapier of electrocution (weapon)
Missiles
 n - 26 stones (quivered)
Armour
 b - a +0 robe (worn)
Jewellery
 o - a +3 ring of evasion (left hand)
 p - a +3 ring of dexterity (right hand)
 x - an uncursed ring of wizardry
 y - a +3 ring of intelligence
 z - an uncursed ring of fire
Scrolls
 g - 2 scrolls of fog
 k - 5 scrolls of remove curse
 l - 6 scrolls of amnesia
 m - a scroll of summoning
 s - 6 scrolls of enchant weapon
 v - 2 scrolls of identify
Potions
 c - a potion of invisibility
 e - 7 potions of curing
 f - 8 potions of heal wounds
 h - 3 potions of magic
 i - 3 potions of berserk rage
 q - 4 potions of brilliance
Comestibles
 d - 7 rations


   Skills:
 + Level 11.1 Fighting
 - Level 15.0 Short Blades
 + Level 22.6 Dodging
 - Level 15.8 Stealth
 - Level 12.9 Spellcasting
 - Level 16.5 Hexes


You had 24 spell levels left.
You knew the following spells:

 Your Spells              Type           Power        Failure   Level  Hunger
a - Corona                Hex            ######.      0%          1    None
b - Ensorcelled Hibernat  Hex/Ice        #####.       1%          2    None
c - Confuse               Hex            ######..     1%          3    None
d - Dazzling Spray        Conj/Hex       #####.       1%          3    None
e - Tukima's Dance        Hex            ######..     1%          3    None

Your spell library contained the following spells:

 Spells                   Type           Power        Failure   Level  Hunger


Dungeon Overview and Level Annotations

Branches:
Dungeon (1/1)

Altars:
Ashenzari
Cheibriados
Dithmenos
Elyvilon
Fedhas
Gozag
Hepliaklqana
Kikubaaqudgha
Makhleb
Nemelex Xobeh
Okawaru
Qazlal
Ru
Sif Muna
Trog
Uskayaw
Vehumet
Wu Jian
Xom
Yredelemnul
Zin
The Shining One
Beogh
Jiyva
Lugonu


Innate Abilities, Weirdness & Mutations

You are very small and have problems with some larger weapons.
You are too small for most types of armour.
You have supernaturally acute eyesight. (SInv)
You are a herbivore.
You cover ground extremely quickly.
You need to consume almost no food.


Message History

The purple draconian completely misses you.
You closely miss the purple draconian.
The purple draconian is heavily wounded.
Your shadow hits the purple draconian with a rapier.
You hit the purple draconian.
The purple draconian is heavily wounded.
The purple draconian hits you with a glaive!
You emit a cloud of dark smoke.
You hit the purple draconian but do no damage.
The purple draconian is heavily wounded.
Your shadow hits the purple draconian but does no damage.
You hit the purple draconian but do no damage.
The purple draconian is heavily wounded.
Your shadow completely misses the purple draconian.
You closely miss the purple draconian.
The purple draconian is heavily wounded.
The purple draconian breathes dispelling energy at you.
The bolt of dispelling energy hits you!
Ouch! That really hurt!
You die...

#++########################
#.....§§.§....).....)...)..
#.....§§§§@d.))(...........
#..##############'(########
#).# #.......d#.# #))#
.#.#....#.#. #.)#
...........(# #..#
#.#.#....#.#.# #.)#
#..........o.# #..#
#.#.#....#.#.#.o #######..#
........o§.o.od..


You could see a purple draconian.

Vanquished Creatures
  Frances (D)
  2 orc warlords (D)
  An eidolon (D)
  A rakshasa (D)
  A two-headed ogre (D)
  Urug (D)
  A sixfirhy (D)
  An unseen horror (D)
  A deep troll (D)
  8 orc knights (D)
  A lindwurm (D)
  A phantasmal warrior (D)
  A deep elf mage (D)
  2 elephants (D)
  A molten gargoyle (D)
  An orange demon (D)
  A spiny frog (D)
  A red devil (D)
  An ice devil (D)
  A troll (D)
  A guardian mummy (D)
  A wandering mushroom (D)
  A jumping spider (D)
  A snapping turtle (D)
  2 air elementals (D)
  4 redbacks (D)
  2 ynoxinuls (D)
  2 tarantellas (D)
  A shadow (D)
  Grum (D)
  5 yaks (D)
  2 hungry ghosts (D)
  2 vampire mosquitoes (D)
  A small abomination (D)
  A soldier ant (D)
  A water moccasin (D)
  4 hell hounds (D)
  3 floating eyes (D)
  An ogre (D)
  4 orc warriors (D)
  An eye of draining (D)
  A centaur (D)
  A crocodile (D)
  6 wolves (D)
  2 big kobolds (D)
  6 killer bees (D)
  A hound (D)
  An orc priest (D)
  An orc wizard (D)
  A gnoll shaman (D)
  Ijyb (D)
  4 gnolls (D)
  An adder (D)
  A river rat (D)
  An ooze (D)
  A worm (D)
  A leopard gecko (D)
  6 orcs (D)
  A bat (D)
  A bat zombie (D)
  A giant cockroach (D)
  A hobgoblin (D)
  2 jackals (D)
  4 kobolds (D)
  A quokka (D)
  A ball python skeleton (D)
  A ball python zombie (D)
  3 frilled lizards (D)
122 creatures vanquished.

Notes
Turn   | Place    | Note
-------+----------+-------------------------------------------
     0 | D        | Groucho the Spriggan Enchanter began the quest for the Orb.
     0 | D        | Reached XP level 1. HP: 9/9 MP: 5/5
    18 | D        | Reached skill level 5 in Stealth
    49 | D        | Found a bloodstained altar of Trog.
    49 | D        | Found a deep blue altar of Sif Muna.
    49 | D        | Found a viscous altar of Jiyva.
    49 | D        | Found a hazy altar of Hepliaklqana.
    49 | D        | Found an opulent altar of Gozag.
    50 | D        | Found a glowing golden altar of the Shining One.
    50 | D        | Found a glowing silver altar of Zin.
    50 | D        | Found a basalt altar of Yredelemnul.
    50 | D        | Found a shimmering altar of Xom.
    50 | D        | Found an ornate altar of the Wu Jian Council.
    50 | D        | Found a sacrificial altar of Ru.
    50 | D        | Found a stormy altar of Qazlal.
    50 | D        | Found an iron altar of Okawaru.
    50 | D        | Found a sparkling altar of Nemelex Xobeh.
    50 | D        | Found a burning altar of Makhleb.
    50 | D        | Found a blossoming altar of Fedhas.
    50 | D        | Found a white marble altar of Elyvilon.
    50 | D        | Found a shadowy altar of Dithmenos.
    50 | D        | Found a snail-covered altar of Cheibriados.
    52 | D        | Found a corrupted altar of Lugonu.
    52 | D        | Found a radiant altar of Vehumet.
    52 | D        | Found a roughly hewn altar of Beogh.
    53 | D        | Found an ancient bone altar of Kikubaaqudgha.
    53 | D        | Found a hide-covered altar of Uskayaw.
    53 | D        | Found a shattered altar of Ashenzari.
    58 | D        | Became a worshipper of Dithmenos the Shadowed
    83 | D        | Reached * piety under Dithmenos
    91 | D        | Reached XP level 2. HP: 13/13 MP: 6/6
    93 | D        | Reached ** piety under Dithmenos
   103 | D        | Noticed a floating eye
   132 | D        | Learned a level 2 spell: Ensorcelled Hibernation
   136 | D        | Paralysed by a floating eye for 3 turns
   141 | D        | Paralysed by a floating eye for 4 turns
   147 | D        | Killed a floating eye
   147 | D        | Reached skill level 5 in Spellcasting
   147 | D        | Reached XP level 3. HP: 5/16 MP: 0/11
   147 | D        | Reached XP level 4. HP: 7/21 MP: 0/12
   205 | D        | Noticed a floating eye
   210 | D        | Learned a level 3 spell: Confuse
   215 | D        | Killed a floating eye
   215 | D        | Reached XP level 5. HP: 13/24 MP: 6/15
   615 | D        | Reached *** piety under Dithmenos
   642 | D        | Noticed a hungry ghost
   651 | D        | Learned a level 3 spell: Dazzling Spray
   711 | D        | Killed a hungry ghost
   711 | D        | Reached XP level 6. HP: 19/28 MP: 10/18
   714 | D        | Reached **** piety under Dithmenos
   827 | D        | Noticed Ijyb
   833 | D        | Killed Ijyb
   849 | D        | Reached skill level 10 in Hexes
   850 | D        | Noticed an orange demon
   852 | D        | Killed an orange demon
   852 | D        | Reached skill level 15 in Stealth
   852 | D        | Reached XP level 7. HP: 32/32 MP: 19/21
   856 | D        | Reached skill level 10 in Spellcasting
   859 | D        | Reached ***** piety under Dithmenos
  1162 | D        | Noticed a spiny frog
  1166 | D        | Killed a spiny frog
  1166 | D        | Reached XP level 8. HP: 30/36 MP: 13/23
  1167 | D        | Reached skill level 5 in Short Blades
  1244 | D        | Noticed a molten gargoyle
  1246 | D        | Killed a molten gargoyle
  1253 | D        | Noticed a red devil
  1254 | D        | Reached skill level 15 in Hexes
  1254 | D        | Reached XP level 9. HP: 34/39 MP: 16/25
  1255 | D        | Noticed an ice devil
  1258 | D        | Killed a red devil
  1268 | D        | Killed an ice devil
  1419 | D        | Noticed a guardian mummy
  1419 | D        | Noticed a lindwurm
  1419 | D        | Noticed a deep troll
  1493 | D        | Killed a deep troll
  1493 | D        | Reached skill level 6 in Dodging
  1538 | D        | Reached ****** piety under Dithmenos
  1538 | D        | Reached skill level 7 in Dodging
  1546 | D        | Reached skill level 10 in Short Blades
  1550 | D        | Killed a lindwurm
  1550 | D        | Reached skill level 9 in Dodging
  1550 | D        | Reached XP level 10. HP: 42/44 MP: 11/27
  1740 | D        | Noticed a sixfirhy
  1743 | D        | Killed a sixfirhy
  1743 | D        | Reached skill level 11 in Dodging
  1854 | D        | Reached skill level 12 in Dodging
  2007 | D        | Noticed Grum
  2045 | D        | Killed Grum
  2048 | D        | Reached skill level 13 in Dodging
  2048 | D        | Noticed an elephant
  2054 | D        | Killed an elephant
  2256 | D        | Noticed an eidolon
  2258 | D        | Killed an eidolon
  2258 | D        | Reached skill level 14 in Dodging
  2261 | D        | Noticed Urug
  2399 | D        | Reached skill level 15 in Dodging
  2399 | D        | Reached XP level 11. HP: 47/47 MP: 23/28
  2409 | D        | Noticed an unseen horror
  2416 | D        | Killed an unseen horror
  2437 | D        | Killed Urug
  2437 | D        | Reached skill level 16 in Dodging
  2473 | D        | Reached skill level 15 in Short Blades
  2504 | D        | Reached skill level 1 in Fighting
  2738 | D        | Reached skill level 17 in Dodging
  2888 | D        | Learned a level 3 spell: Tukima's Dance
  2901 | D        | Noticed a phantasmal warrior
  2916 | D        | Killed a phantasmal warrior
  3207 | D        | Noticed a rakshasa
  3213 | D        | Killed a rakshasa
  3213 | D        | Reached skill level 5 in Fighting
  3213 | D        | Reached skill level 18 in Dodging
  3220 | D        | Noticed a deep elf mage
  3234 | D        | Killed a deep elf mage
  3781 | D        | Noticed a two-headed ogre
  3781 | D        | Noticed Frances
  3781 | D        | Noticed an orc knight
  3795 | D        | Killed a two-headed ogre
  3795 | D        | Reached skill level 19 in Dodging
  3878 | D        | Noticed a sun demon
  3887 | D        | Killed Frances
  3887 | D        | Reached skill level 20 in Dodging
  4115 | D        | Killed an orc knight
  4115 | D        | Reached XP level 12. HP: 56/65 MP: 22/29
  4348 | D        | Reached skill level 21 in Dodging
  4610 | D        | Noticed an orc warlord
  4610 | D        | Noticed an orc warlord
  4614 | D        | Noticed a purple draconian
  4614 | D        | Noticed a vault guard
  4615 | D        | Killed an orc warlord
  4615 | D        | Reached skill level 10 in Fighting
  4776 | D        | Reached skill level 22 in Dodging
  4854 | D        | Killed an orc warlord
  4907 | D        | Killed from afar by a purple draconian

Skill      XL: |  1  2  3  4  5  6  7  8  9 10 11 12 |
---------------+-------------------------------------+-----
Stealth        | 8 12 13 14 15 | 15.8
Spellcasting   | 5 7 8 9 10 11 12 | 12.9
Hexes          | 6 7 9 11 13 15 16 | 16.5
Short Blades   | 4 6 10 14 15 | 15.0
Dodging        | 9 15 20 22 | 22.6
Fighting       | 8 11 | 11.1

Action                   |  1- 3 |  4- 6 |  7- 9 | 10-12 || total
-------------------------+-------+-------+-------+-------++-------
Melee: Dagger            |    20 |    21 |    41 |    22 ||   104
       Rapier            |       |       |       |    79 ||    79
Throw: Stone             |     1 |     1 |     4 |    22 ||    28
 Cast: Ensorcelled Hiber |     3 |    10 |    14 |    85 ||   112
       Confuse           |       |     3 |     3 |    16 ||    22
       Dazzling Spray    |       |       |     1 |    21 ||    22
Invok: Shadow Step       |       |       |     8 |     6 ||    14
  Use: Potion            |       |       |     2 |    10 ||    12
       Scroll            |       |       |     1 |     1 ||     2
 Stab: Sleeping          |     7 |     8 |    23 |    54 ||    92
       Confused          |       |     2 |     2 |     7 ||    11
       Distracted        |       |       |       |     2 ||     2
       Invisible         |       |       |       |     2 ||     2
  Eat: Ration            |       |     1 |       |     2 ||     3
Armor: Robe              |     3 |       |       |     1 ||     4
Dodge: Dodged            |    24 |     5 |     8 |   130 ||   167
